 Dungeon Crawl Stone Soup version 0.31.0-11-ge490571c62 (webtiles) character file.

Game seed: 4398792983350414216

30 Ashen the Sneak (level 3, -5/25 HPs)
             Began as a Gnoll Enchanter on Feb 6, 2024.
             Slain by a gnoll
             ... wielding a +0 flail
              (10 damage)
             ... on level 1 of the Dungeon.
             The game lasted 00:05:07 (1132 turns).

Ashen the Sneak (Gnoll Enchanter)                   Turns: 1132, Time: 00:05:07

Health: -5/25      AC:  2    Str:  7    XL:     3   Next: 20%
Magic:  7/9        EV: 13    Int: 14    God:
Gold:   42         SH:  0    Dex: 14    Spells: 10/12 levels left

rFire   . . .        a - +1 dagger
rCold   . . .        (no shield)
rNeg    . . .        b - +0 robe
rPois   .            (no helmet)
rElec   .            (no cloak)
rCorr   .            (no gloves)
SInv    .            (no boots)
Will    .....        (no amulet)
Stlth   +++          (no ring)
HPRegen 0.24/turn    (no ring)
MPRegen 0.11/turn

%: no passive effects
@: no status effects
A: fangs 1, strong nose, distributed training
a: no special abilities


You were on level 1 of the Dungeon.
You visited 1 branch of the dungeon, and saw 2 of its levels.

You collected 42 gold pieces.

Inventory:

Hand Weapons
 a - a +1 dagger (weapon)
Armour
 b - a +0 robe (worn)
Scrolls
 f - a scroll of immolation {unknown}
Potions
 c - 2 potions of invisibility
 d - 2 potions of attraction {unknown}
 e - a potion of heal wounds {unknown}


   Skills:
 + Level 0.7 Fighting
 + Level 2.6 Short Blades
 + Level 0.7 Long Blades
 + Level 0.7 Axes
 + Level 0.7 Maces & Flails
 + Level 0.7 Polearms
 + Level 0.7 Staves
 + Level 0.7 Ranged Weapons
 + Level 0.7 Throwing
 + Level 0.7 Armour
 + Level 4.5 Dodging
 + Level 6.0 Stealth
 + Level 0.7 Shields
 + Level 0.7 Unarmed Combat
 + Level 5.0 Spellcasting
 + Level 0.5 Conjurations
 + Level 5.4 Hexes
 + Level 0.5 Summonings
 + Level 0.5 Necromancy
 + Level 0.5 Translocations
 + Level 0.5 Fire Magic
 + Level 0.5 Ice Magic
 + Level 0.5 Air Magic
 + Level 0.5 Earth Magic
 + Level 0.5 Alchemy
 + Level 0.9 Invocations
 + Level 0.7 Evocations
 + Level 0.6 Shapeshifting


You had 10 spell levels left.
You knew the following spells:

 Your Spells              Type           Power      Damage    Failure   Level
a - Ensorcelled Hibernat  Hex/Ice        22%        N/A       8%          2

Your spell library contained the following spells:

 Spells                   Type           Power      Damage    Failure   Level
 Confusing Touch          Hex            18%        N/A       5%          3
 Sigil of Binding         Hex            18%        N/A       5%          3
 Tukima's Dance           Hex            18%        N/A       5%          3
 Summon Small Mammal      Summ           16%        N/A       14%         1
 Dazzling Flash           Conj/Hex       22%        N/A       16%         3
 Call Canine Familiar     Summ           4%         N/A       38%         3
 Dimensional Bullseye     Hex/Tloc       5%         N/A       45%         4
 Summon Blazeheart Golem  Fire/Summ      4%         N/A       80%         4


Dungeon Overview and Level Annotations

Branches:
Dungeon (2/15)

Altars:


Innate Abilities, Weirdness & Mutations

You have very sharp teeth.
Your uncanny sense of smell can sniff out nearby items.
Your experience applies equally to all skills.


Message History

You hit the kobold but do no damage. Your bite misses the kobold.
The kobold is severely wounded.
The kobold misses you.
You hit the kobold but do no damage.
The kobold is moderately wounded.
The kobold hits you with a +0 dagger.
You hit the kobold.
The kobold is severely wounded.
The kobold hits you with a +0 dagger.
You hit the kobold but do no damage.
The kobold is severely wounded.
You closely miss the kobold.
The kobold is severely wounded.
The kobold misses you.
You hit the kobold.
You kill the kobold!
No target in view!
No target in view!
You start resting.
HP restored.
Things that are here:
a +0 dagger; 5 stones
There is a stone staircase leading down here.
You start resting.
Magic restored.
You climb downwards.
The gnoll hits you with a +0 flail! The gnoll barely misses you.
The gnoll hits you with a +0 flail.
There is a stone staircase leading up here.
The gnoll hits you with a +1 heavy spear!
* * * LOW HITPOINT WARNING * * *
The gnoll barely misses you.
You climb upwards.
There is a stone staircase leading down here.
Casting: Ensorcelled Hibernation (safe; 8% risk of failure)
Confirm with . or Enter, or press ? or * to list all spells.
Aiming: Ensorcelled Hibernation (safe; 8% risk of failure)
Press: ? - help, Shift-Dir - straight line, f - gnoll
Aim: a gnoll, wielding a +1 heavy spear (chance to affect: 53%)
The gnoll looks drowsy...
The gnoll hits you with a +0 flail!
You die...

..##########.# #.#†# #.##.#.#
...........#.# #.#.# #.##.#.#
#........#.#.# #.#.# #.##.#.#
...........#.# #.#.# #.##.#.#
.............# #.#.# #.##.#.#
......##.##### #.#.# #.##.#.#
#####.##.# #.#.######..#.#.#
.......#.#######.#.........#.#.#
................@g....###..#.#.##
##..............g(.........#.....
#.#...#...........##.#........##
##.#......#.####...##.#.###.#..#.
...#...#.##.# #...##.#.##..#..#.
####...#....####...##.#.##.##....
...................##.#.##.###.#.
####.###.############.#.##.###.#.
.# #.)...........# #.#........#.


You could see 2 gnolls.

Vanquished Creatures
  A gnoll (D:2)
  A ribbon worm (D:1)
  3 bats (D:1)
  4 endoplasms
  2 goblins (D:1)
  A hobgoblin (D:2)
  A quokka (D:1)
  A ball python (D:1)
  3 frilled lizards (D:1)
  A kobold (D:1)
18 creatures vanquished.

Notes
Turn   | Place    | Note
-------+----------+-------------------------------------------
     0 | D:1      | Ashen the Gnoll Enchanter began the quest for the Orb.
     0 | D:1      | Reached XP level 1. HP: 13/13 MP: 6/6
   142 | D:1      | Reached XP level 2. HP: 16/19 MP: 7/7
   145 | D:1      | Learned a level 2 spell: Ensorcelled Hibernation
   926 | D:2      | Identified the +2 scale mail of the Ecumenical Temple
                  | {rPois Int+3 Dex-2}
  1020 | D:2      | Reached skill level 6 in Stealth
  1020 | D:2      | Reached skill level 5 in Spellcasting
  1020 | D:2      | Reached XP level 3. HP: 25/25 MP: 3/9
  1132 | D:1      | Slain by a gnoll

Illustrated notes

Levels and vault maps discovered:
D:1:      minmay_arrival_diagonal_passages, layout_basic,
          minmay_misc_feat_four_crosses
D:2:      cheibrodos_helix_gallery, layout_rooms, basic_altar

Skill      XL: |  1  2 |
---------------+-------+-----
Stealth        | 6 |  6.0
Spellcasting   | 5 |  5.0
Fighting       | |  0.7
Short Blades   | |  2.6
Long Blades    | |  0.7
Axes           | |  0.7
Maces & Flails | |  0.7
Polearms       | |  0.7
Staves         | |  0.7
Ranged Weapons | |  0.7
Throwing       | |  0.7
Armour         | |  0.7
Dodging        | |  4.5
Shields        | |  0.7
Unarmed Combat | |  0.7
Conjurations   | |  0.5
Hexes          | |  5.4
Summonings     | |  0.5
Necromancy     | |  0.5
Translocations | |  0.5
Fire Magic     | |  0.5
Ice Magic      | |  0.5
Air Magic      | |  0.5
Earth Magic    | |  0.5
Alchemy        | |  0.5
Invocations    | |  0.9
Evocations     | |  0.7
Shapeshifting  | |  0.6

Action                     || total
---------------------------++-------
  Melee: Dagger            ||    58
         Bite              ||     3
         Punch             ||     1
   Cast: Ensorcelled Hiber ||     9
   Stab: Sleeping          ||     9
 Armour: Robe              ||    29
  Dodge: Dodged            ||    51
